 Dungeon Crawl Stone Soup version 0.26.1-11-gd32895ea62 (webtiles) character file.

Game seed: 11060299865675879431

322 Almogavar the Slinger (level 6, -2/39 (41) HPs)
             Began as a Halfling Hunter on May 26, 2021.
             Slain by Crazy Yiuf
             ... wielding a +4 quarterstaff of chaos
              (8 damage)
             ... on level 3 of the Dungeon.
             The game lasted 00:06:55 (2040 turns).

Almogavar the Slinger (Halfling Hunter)             Turns: 2040, Time: 00:06:55

HP:   -2/39 (41)    AC:  3    Str: 14    XL:     6   Next: 76%
MP:   6/6           EV: 20    Int:  9    God:
Gold: 64            SH:  0    Dex: 16    Spells: 5/5 levels left

rFire    . . .     SeeInvis .   b - +0 short sword
rCold    . . .     Faith    .   (shield restricted)
rNeg     . . .     Spirit   .   c - +0 leather armour
rPois    .         Reflect  .   (no helmet)
rElec    .         Harm     .   (no cloak)
rCorr    .         Rampage  .   (no gloves)
Will     .....     Rnd*Tele +   (no boots)
Stlth    +++.......             (no amulet)
HPRegen  0.13/turn              f - ring of stealth
MPRegen  0.10/turn              r - ring of teleportation (curse)

@: agile, lightly drained
A: small, mutation resistance 1
a: no special abilities


You were on level 3 of the Dungeon.
You visited 1 branch of the dungeon, and saw 3 of its levels.

You collected 64 gold pieces.

Inventory:

Hand Weapons
 a - a +1 hunting sling
 b - a +0 short sword (weapon)
Missiles
 d - 19 sling bullets
 j - 45 stones (quivered)
Armour
 c - a +0 leather armour (worn)
 n - a +0 chain mail
 q - a +0 ring mail
 t - a +0 scale mail
Jewellery
 f - a ring of stealth (left hand)
 l - an uncursed ring of fire
 r - a cursed ring of teleportation (right hand)
Scrolls
 e - a scroll of teleportation
 h - a scroll of immolation {unknown}
 i - a scroll of magic mapping {unknown}
 k - a scroll of enchant weapon {unknown}
 m - a scroll of fear {unknown}
 o - a scroll of random uselessness {unknown}
 p - a scroll of remove curse {unknown}
Potions
 g - a potion of curing {unknown}
 s - a potion of flight {unknown}


   Skills:
 + Level 2.8 Fighting
 + Level 1.7 Short Blades
 + Level 8.5 Slings
 + Level 2.0 Armour
 + Level 2.6 Dodging
 * Level 3.0 Stealth


You had 5 spell levels left.
You didn't know any spells.
Your spell library was empty.

Dungeon Overview and Level Annotations

Branches:
Dungeon (3/15)

Altars:

Annotations:
D:3 1 runed translucent door, Crazy Yiuf


Innate Abilities, Weirdness & Mutations

You are small and have problems with some larger weapons.
You are somewhat resistant to further mutation.


Message History

Crazy Yiuf closely misses you.
You hit Crazy Yiuf.
Crazy Yiuf is almost dead.
Crazy Yiuf hits you with a +4 quarterstaff of chaos!
You barely miss Crazy Yiuf.
Crazy Yiuf is almost dead.
Crazy Yiuf hits you with a +4 quarterstaff of chaos!
You feel agile all of a sudden.
You hit Crazy Yiuf.
Crazy Yiuf is almost dead.
You hit Crazy Yiuf but do no damage.
Crazy Yiuf is almost dead.
Crazy Yiuf hits you with a +4 quarterstaff of chaos!
* * * LOW HITPOINT WARNING * * *
You feel drained.
* * * LOW HITPOINT WARNING * * *
You closely miss Crazy Yiuf.
Crazy Yiuf is almost dead.
Crazy Yiuf hits you with a +4 quarterstaff of chaos!
You die...

#####
#)..#♣♣
#g..+.♣
#@..#
#####


You could see Crazy Yiuf.

Vanquished Creatures
  Sigmund (D:2)
  Terence (D:2)
  Robin (D:3)
  4 adders (D:2)
  2 oozes (D:1)
  A worm (D:2)
  3 dart slugs
  A leopard gecko (D:2)
  A giant cockroach (D:3)
  7 hobgoblins
  4 jackals (D:1)
  A quokka (D:2)
  5 ball pythons
  3 bats (D:2)
  3 frilled lizards
  20 goblins
  7 kobolds
  6 rats
71 creatures vanquished.

Notes
Turn   | Place    | Note
-------+----------+-------------------------------------------
     0 | D:1      | Almogavar the Halfling Hunter began the quest for the Orb.
     0 | D:1      | Reached XP level 1. HP: 14/14 MP: 1/1
    32 | D:1      | Reached skill level 6 in Slings
    50 | D:1      | Reached XP level 2. HP: 18/19 MP: 2/2
   309 | D:1      | Reached XP level 3. HP: 20/24 MP: 3/3
   804 | D:1      | Reached skill level 7 in Slings
  1098 | D:2      | Reached XP level 4. HP: 29/29 MP: 4/4
  1123 | D:2      | Found a faded altar of an unknown god.
  1185 | D:2      | Reached skill level 1 in Armour
  1218 | D:2      | Noticed Sigmund
  1224 | D:2      | Killed Sigmund
  1225 | D:2      | Reached skill level 1 in Short Blades
  1225 | D:2      | Reached skill level 8 in Slings
  1225 | D:2      | Reached XP level 5. HP: 35/35 MP: 5/5
  1225 | D:2      | Reached XP level 6. HP: 41/41 MP: 6/6
  1448 | D:2      | Noticed Terence
  1454 | D:2      | Killed Terence
  2000 | D:3      | Noticed Robin
  2003 | D:3      | Killed Robin
  2033 | D:3      | Found a runed translucent door.
  2034 | D:3      | Noticed Crazy Yiuf
  2040 | D:3      | Slain by Crazy Yiuf

Illustrated notes

Levels and vault maps discovered:
D:1:      minmay_arrival_three_doors, layout_rooms, corner_web_ring
D:2:      layout_loops_corners, chequers_ecumenical_altar_twisty, uniq_terence,
          uniq_sigmund
D:3:      layout_rooms, nzn_wu_jian_council_hall, gammafunk_ghost_gnarly_gnolls,
          amcnicky_mini_rare_corridor_liquid, uniq_crazy_yiuf_cottage,
          uniq_robin

Skill      XL: |  1  2  3  4  5  6 |
---------------+-------------------+-----
Slings         | 6 7 8 |  8.5
Fighting       | 2 |  2.8
Armour         | 2 |  2.0
Short Blades   | 1 |  1.7
Stealth        | 2 3 |  3.0
Dodging        | |  2.6

Action                   |  1- 3 |  4- 6 || total
-------------------------+-------+-------++-------
Melee: Short sword       |    23 |    12 ||    35
 Fire: Hunting sling     |    78 |    88 ||   166
  Use: Scroll            |     1 |       ||     1
 Stab: Sleeping          |       |     1 ||     1
Armor: Leather armour    |    10 |     1 ||    11
Dodge: Dodged            |    27 |    16 ||    43
